 Dungeon Crawl Stone Soup version 0.21.1-1-g345015f (webtiles) character file.

224 Mirai the Skirmisher (level 5, -5/42 HPs)
             Began as a Demonspawn Fighter on Mar 15, 2018.
             Slain by Menkaure (19 damage)
             ... on level 4 of the Dungeon.
             The game lasted 00:06:15 (2938 turns).

Mirai the Skirmisher (Demonspawn Fighter)           Turns: 2938, Time: 00:06:17

Health: -5/42      AC:  9    Str: 18    XL:     5   Next: 67%
Magic:  14/14      EV: 10    Int:  9    God:
Gold:   152        SH:  9    Dex: 12    Spells: 4/4 levels left

rFire    . . .     SeeInvis .   a - +1 war axe
rCold    . . .     Gourm    .   c - +0 shield
rNeg     . . .     Faith    .   b - +0 scale mail
rPois    .         Spirit   .   (no helmet)
rElec    .         Reflect  .   (no cloak)
rCorr    .         Harm     .   k - +0 pair of gloves
MR       .....                  (no boots)
Stlth    ..........             p - amulet of inaccuracy (curse)
HPRegen  0.14/turn              e - +1 ring of protection
MPRegen  0.14/turn              l - ring of magical power

@: no status effects
A: talons 2, repulsion field 2
a: no special abilities


You were on level 4 of the Dungeon.
You were hungry.

You visited 1 branch of the dungeon, and saw 4 of its levels.

You collected 152 gold pieces.

Inventory:

Hand Weapons
 a - a +1 war axe (weapon)
Armour
 b - a +0 scale mail (worn)
 c - a +0 shield (worn)
 k - a +0 pair of gloves (worn)
Jewellery
 e - a +1 ring of protection (left hand)
 h - an uncursed amulet of magic regeneration {unknown}
 l - a ring of magical power (right hand)
 p - a cursed amulet of inaccuracy (around neck)
 q - an uncursed ring of wizardry
 s - a cursed ring of fire {unknown}
Scrolls
 n - a scroll of teleportation
 o - 2 scrolls of identify
 t - a scroll of enchant armour {unknown}
Potions
 d - a potion of might
 g - a potion of heal wounds {unknown}
 i - a potion of agility {unknown}
 j - a potion of flight {unknown}
 m - a potion of haste
 r - 2 potions of curing {unknown}
 u - a potion of brilliance {unknown}
Comestibles
 f - 7 rations


   Skills:
 * Level 4.0 Fighting
 + Level 3.2 Axes
 + Level 3.6 Armour
 + Level 1.0 Dodging
 + Level 3.5 Shields


You had 4 spell levels left.
You didn't know any spells.

Dungeon Overview and Level Annotations

Branches:
Dungeon (4/15)
 Temple: D:4-7

Altars:
Xom

Annotations:
D:4 Menkaure


Innate Abilities, Weirdness & Mutations

You have razor-sharp toenails.
You are surrounded by a moderate repulsion field. (EV +3)


Message History

There is an open door here.
There is a stone staircase leading down here.
You open the door.
There is an open door here.
s - an encrusted agate ring
t - a scroll labeled ZUNOSHR BYNU
u - a silvery potion Menkaure, Prince of Dust comes into view.
Menkaure shouts!
Menkaure calls on the powers of darkness!
Your body is wracked with pain!
Your shield prevents you from hitting Menkaure.
You block Menkaure's attack.
You closely miss Menkaure. You block Menkaure's attack. Menkaure hits you.
You barely miss Menkaure. Your kick misses Menkaure.
Menkaure sighs in an indecipherable tongue.
You block Menkaure's attack.
You closely miss Menkaure. Your kick misses Menkaure. Menkaure hits you.
You barely miss Menkaure. Menkaure hits you!!
You die...

#.............
#.#...........
#.#..........#
######.#...........
#......#.#......#.#
##.##..#.#.###.##.#
#.##..#.#.#...<#.#
#M##..#.#.#....#.#
#@##..#.#.#....#)#
#.##..#.#.#....#.#
#.....#.#.#...>#..
####.##.#.##..##..
#.##.#.........
#.##.#########.
#.##.........'.
#.############.
#..,,,..# ##


You could see Menkaure.

Vanquished Creatures
  An orc priest (D:4)
  Jessica (D:2)
  Natasha (thrice) (D:2)
  2 oozes
  3 adder skeletons (D:4)
  A worm (D:2)
  3 dart slugs
  2 leopard geckos
  6 orcs
  2 ball pythons (D:3)
  7 bats
  6 giant cockroaches
  4 goblins
  6 hobgoblins
  2 frilled lizards
  6 kobolds
  A quokka zombie (D:2)
  8 rats
64 creatures vanquished.

Notes
Turn   | Place    | Note
-------+----------+-------------------------------------------
     0 | D:1      | Mirai the Demonspawn Fighter began the quest for the Orb.
     0 | D:1      | Reached XP level 1. HP: 18/18 MP: 1/1
   327 | D:1      | Gained mutation: You have sharp toenails. [demonic ancestry]
   327 | D:1      | Reached XP level 2. HP: 14/24 MP: 2/2
   926 | D:2      | Noticed Jessica
   941 | D:2      | Killed Jessica
   941 | D:2      | Gained mutation: You are surrounded by a mild repulsion field. (EV +2) [demonic ancestry]
   941 | D:2      | Reached XP level 3. HP: 16/29 MP: 3/3
  1264 | D:2      | Noticed Natasha
  1270 | D:2      | Killed Natasha
  1270 | D:2      | Gained mutation: You have razor-sharp toenails. [demonic ancestry]
  1270 | D:2      | Reached XP level 4. HP: 31/36 MP: 4/4
  1535 | D:2      | Noticed Natasha
  1548 | D:2      | Killed Natasha
  1659 | D:2      | Noticed Natasha
  1665 | D:2      | Killed Natasha
  1665 | D:2      | Gained mutation: You are surrounded by a moderate repulsion field. (EV +3) [demonic ancestry]
  1665 | D:2      | Reached XP level 5. HP: 25/42 MP: 5/5
  1736 | D:3      | Found a faded altar of an unknown god.
  1846 | D:3      | Found a shimmering altar of Xom.
  1867 | D:3      | Found a shimmering altar of Xom.
  1867 | D:3      | Found a shimmering altar of Xom.
  1867 | D:3      | Found a shimmering altar of Xom.
  1867 | D:3      | Found a shimmering altar of Xom.
  1868 | D:3      | Found a shimmering altar of Xom.
  1869 | D:3      | Found a shimmering altar of Xom.
  1869 | D:3      | Found a shimmering altar of Xom.
  2505 | D:4      | Reached skill level 1 in Dodging
  2518 | D:4      | Reached skill level 4 in Fighting
  2931 | D:4      | Noticed Menkaure
  2938 | D:4      | Slain by Menkaure

Skill      XL: |  1  2  3  4  5 |
---------------+----------------+-----
Axes           | 2 3 |  3.2
Armour         | 3 |  3.6
Shields        | 3 |  3.5
Dodging        | 1 |  1.0
Fighting       | 4 |  4.0

Action                   |  1- 3 |  4- 6 || total
-------------------------+-------+-------++-------
Melee: War axe           |    82 |   143 ||   225
       Kick              |    12 |    25 ||    37
  Use: Scroll            |       |     6 ||     6
  Eat: Chunk             |     1 |     5 ||     6
Armor: Scale mail        |    51 |    45 ||    96
Dodge: Dodged            |    29 |    56 ||    85
Block: Shield            |    43 |    97 ||   140
